 Dungeon Crawl Stone Soup version 0.29-a0-319-gad05b8d819 (webtiles) character file.

Game seed: 9602166572283692527

372 Morbidden the Skirmisher (level 6, -3/48 HPs)
             Began as a Demonspawn Fighter on Apr 2, 2022.
             Killed from afar by Ijyb (27 damage)
             ... with a bolt of acid
             ... on level 3 of the Dungeon.
             The game lasted 00:03:17 (2315 turns).

Morbidden the Skirmisher (Demonspawn Fighter)       Turns: 2315, Time: 00:03:18

Health: -3/48      AC:  9    Str: 24    XL:     6   Next: 43%
Magic:  8/8        EV:  8    Int:  9    God:
Gold:   142        SH:  4    Dex: 13    Spells: 8/8 levels left

rFire   . . .      SeeInvis .   b - +2 mace (protect)
rCold   . . .      Faith    .   c - +0 buckler
rNeg    . . .      Spirit   .   u - +0 chain mail
rPois   .          Reflect  .   (helmet restricted)
rElec   .          Harm     .   (no cloak)
rCorr   .          Rampage  .   (no gloves)
Will    .....                   (no boots)
Stlth   ..........              (no amulet)
HPRegen 0.16/turn               n - +6 ring of strength
MPRegen 0.11/turn               q - +4 ring of protection

@: about to teleport, corroded, unable to read
A: hooves 1, powered by death 1, spiny 2, horns 1, deterioration 1, sense
surroundings 1, inability to read while threatened
a: no special abilities


You were on level 3 of the Dungeon.
You visited 1 branch of the dungeon, and saw 3 of its levels.

You collected 142 gold pieces.

Inventory:

Hand Weapons
 a - a +0 war axe
 b - a +2 mace of protection (weapon)
Armour
 c - a +0 buckler (worn)
 f - a +2 helmet
 u - a +0 chain mail (worn)
Jewellery
 i - a ring of resist corrosion
 n - a +6 ring of strength (left hand)
 q - a +4 ring of protection (right hand)
Wands
 v - a wand of flame (18)
Scrolls
 e - 4 scrolls of identify
 g - a scroll of enchant weapon {unknown}
 j - a scroll of fog {unknown}
 m - 3 scrolls of teleportation
 o - a scroll of summoning {unknown}
 p - a scroll of immolation {unknown}
 r - a scroll of magic mapping {unknown}
Potions
 d - 2 potions of might
 h - a potion of heal wounds {unknown}
 k - a potion of mutation
 l - a potion of attraction {unknown}
 s - 2 potions of degeneration {unknown}
 t - a potion of magic {unknown}


   Skills:
 * Level 3.8 Fighting
 * Level 3.4(3.8) Axes
 + Level 2.4(3.3) Maces & Flails
 + Level 3.3 Armour
 * Level 1.5 Dodging
 + Level 0.2 Stealth
 + Level 3.1 Shields
 * Level 1.7 Spellcasting


You had 8 spell levels left.
You didn't know any spells.
Your spell library contained the following spells:

 Spells                   Type           Power      Damage    Failure   Level
 Freeze                   Ice            0%         1d3       97%         1
 Ensorcelled Hibernation  Hex/Ice        0%         N/A       99%         2
 Frozen Ramparts          Ice            0%         1d2       100%        3
 Freezing Cloud           Conj/Ice/Air   0%         6-21      100%        5


Dungeon Overview and Level Annotations

Branches:
Dungeon (3/15)

Altars:
Makhleb

Shops:
D:1 =

Annotations:
D:3 Ijyb


Innate Abilities, Weirdness & Mutations

You have large cloven feet.
You regenerate a little health from kills.
You are mostly covered in sharp spines.
You have a pair of small horns on your head.
Your body sometimes deteriorates upon taking damage.
You passively map a small area around you.
You sometimes lose the ability to read scrolls when taking damage.


Message History

An orc and an adder come into view.
The adder hisses angrily.
Ijyb zaps a wand.
The bolt of acid hits you!!
Ouch! That really hurt!
The acid corrodes you!
An orc comes into view. It is wielding a +0 flail.
There are monsters nearby!
You are too injured to fight recklessly!
There are monsters nearby!
You are too injured to fight recklessly!
You are too injured to fight recklessly!
You are too injured to fight recklessly!
You are too injured to fight recklessly!
You are too injured to fight recklessly!
You are too injured to fight recklessly!
Unknown command.
Okay, then.
Okay, then.
As you read the scroll labelled LIT HUIMOIMURCH, it crumbles to dust.
It is a scroll of identify.
m - 4 scrolls of teleportation The orc shouts!
You hear a shout!
An orc comes into view. It is wielding a +0 whip.
Unknown command.
Okay, then.
As you read the scroll of teleportation, it crumbles to dust.
You feel strangely unstable.
The orc shouts!
Unknown command.
Unknown command.
It was a potion of mutation.
You feel extremely strange. A pair of horns grows on your head!
Your +2 helmet falls away!
You feel yourself wasting away.
You lose the ability to read scrolls when threatened.
You feel a strange attunement to the structure of the dungeons.
Ijyb zaps a wand.
The bolt of acid hits you!!
You feel threatened and lose the ability to read scrolls!
Ouch! That really hurt!
You die...

, ... #..##### *
, #.o....# , *
##.o#.#.### > *
* ,..o...).. , *
, #####.....# ,
.S....Sg.#* * *
** #g# * #@# #.#
* ##'## ,
##...## *
##.....##
##.......##
###.....†...###
,
..'.........'..,
*
###.........###


You could see Ijyb, an adder, 3 orcs and a hobgoblin.

Vanquished Creatures
  Sigmund (D:3)
  2 orc priests (D:3)
  Terence (D:2)
  Robin (D:3)
  3 adders
  4 worms
  4 orcs (D:3)
  5 ball pythons
  8 bats
  5 endoplasms
  3 giant cockroaches (D:2)
  13 goblins
  10 hobgoblins
  4 jackals (D:1)
  6 kobolds
  A quokka (D:1)
  2 frilled lizards
  7 rats
80 creatures vanquished.

Notes
Turn   | Place    | Note
-------+----------+-------------------------------------------
     0 | D:1      | Morbidden the Demonspawn Fighter began the quest for the
                  | Orb.
     0 | D:1      | Reached XP level 1. HP: 18/18 MP: 1/1
     9 | D:1      | Got the Guide on the Feathery Snowflakes
    21 | D:1      | Found Jaoxiky's Jewellery Emporium.
   152 | D:1      | Gained mutation: You have large cloven feet. [demonic
                  | ancestry]
   152 | D:1      | Reached XP level 2. HP: 16/24 MP: 2/2
   406 | D:1      | Found a faded altar of an unknown god.
   876 | D:1      | Gained mutation: You are partially covered in sharp spines.
                  | [demonic ancestry]
   876 | D:1      | Reached XP level 3. HP: 19/29 MP: 3/3
  1097 | D:2      | Noticed Terence
  1107 | D:2      | Killed Terence
  1108 | D:2      | Reached skill level 1 in Dodging
  1108 | D:2      | Gained mutation: You are mostly covered in sharp spines.
                  | [demonic ancestry]
  1108 | D:2      | Reached XP level 4. HP: 32/35 MP: 3/5
  1386 | D:2      | Reached skill level 1 in Spellcasting
  1618 | D:3      | Found a burning altar of Makhleb.
  1906 | D:3      | Noticed Sigmund
  1929 | D:3      | Killed Sigmund
  1930 | D:3      | Reached skill level 1 in Maces & Flails
  1930 | D:3      | Gained mutation: You regenerate a little health from kills.
                  | [demonic ancestry]
  1930 | D:3      | Reached XP level 5. HP: 21/42 MP: 5/7
  1930 | D:3      | Reached XP level 6. HP: 24/48 MP: 5/8
  2253 | D:3      | Noticed Robin
  2275 | D:3      | Killed Robin
  2308 | D:3      | Noticed Ijyb
  2315 | D:3      | Gained mutation: You have a pair of small horns on your
                  | head. [potion of mutation]
  2315 | D:3      | Gained mutation: Your body sometimes deteriorates upon
                  | taking damage. [potion of mutation]
  2315 | D:3      | Gained mutation: You sometimes lose the ability to read
                  | scrolls when taking damage. [potion of mutation]
  2315 | D:3      | Gained mutation: You passively map a small area around you.
                  | [potion of mutation]
  2315 | D:3      | Killed from afar by Ijyb

Illustrated notes

Levels and vault maps discovered:
D:1:      minmay_arrival_stair_chambers, layout_loops_ring,
          chequers_ecumenical_altar_simple_redux, serial_shops,
          nicolae_shop_advertising_works [nicolae_subvault_shop_adworks],
          grunt_decor_fettered
D:2:      layout_basic, uniq_terence
D:3:      layout_loops_corners, general_overflow_altar, minmay_circle_x,
          uniq_sigmund, uniq_ijyb, uniq_robin

Skill      XL: |  1  2  3  4  5  6 |
---------------+-------------------+-----
Axes           | 2 3 |  3.4
Armour         | 3 |  3.3
Dodging        | 1 |  1.5
Spellcasting   | 1 |  1.7
Maces & Flails | 1 2 |  2.4
Shields        | 3 |  3.1
Fighting       | |  3.8
Stealth        | |  0.2

Action                   |  1- 3 |  4- 6 || total
-------------------------+-------+-------++-------
Melee: War axe           |    46 |       ||    46
       Mace              |    56 |    81 ||   137
       Kick              |    17 |    24 ||    41
  Use: Potion            |       |     2 ||     2
       Scroll            |       |     2 ||     2
Armor: Scale mail        |    63 |     8 ||    71
       Chain mail        |       |    38 ||    38
Dodge: Dodged            |    51 |    26 ||    77
Block: Buckler           |    27 |    13 ||    40

Table legend: (Time is in decaauts)
 A = Elapsed time spent in this place.
 B = Non-inter-level travel time spent in this place.
 C = Inter-level travel time spent in this place.
 D = Time resting spent in this place.
 E = Time spent auto-exploring this place.
 F = Levels seen in this place.
 G = Mean time per level.
                   A        B        C        D        E       F      G
               +--------+--------+--------+--------+--------+-----+--------+
         Total |   2382 |   2316 |     66 |    265 |   1506 |   3 |  794.0 |
       Dungeon |   2382 |   2316 |     66 |    265 |   1506 |   3 |  794.0 |
               +--------+--------+--------+--------+--------+-----+--------+

Top non-repeatable levels by time:
     D:1: 1011 daAuts
     D:3: 798 daAuts
     D:2: 572 daAuts
